 Dungeon Crawl Stone Soup version 0.28-a0-1629-gf728b707aa (webtiles) character file.

Game seed: 5520137320888638743

59962 issech the Basher (level 14, -3/126 HPs)
             Began as a Troll Monk on Jan 25, 2022.
             Was a High Priest of Hepliaklqana.
             Slain by a rockslime (30 damage)
             ... on level 4 of the Lair of Beasts.
             The game lasted 01:42:49 (18301 turns).

issech the Basher (Troll Monk)                     Turns: 18301, Time: 01:42:51

Health: -3/126     AC: 14    Str: 23    XL:     14   Next: 55%
Magic:  22/22      EV: 12    Int:  2    God:    Hepliaklqana [*****.]
Gold:   1192       SH: 30    Dex: 19    Spells: 13/13 levels left

rFire   + . .      SeeInvis +   z - +8 club (spect)
rCold   . . .      Faith    .   g - +10 tower shield of Ignorance {rN+ Int-4}
rNeg    + . .      Spirit   .   O - +1 acid dragon scales
rPois   .          Reflect  +   q - +0 hat
rElec   +          Harm     .   o - +2 cloak of the Planets {*Corrode Dex+5}
rCorr   +          Rampage  .   (gloves unavailable)
Will    ++...                   (boots unavailable)
Stlth   ++++......              W - amulet of Usezaori {Reflect SH+5 SInv}
HPRegen 1.11/turn               l - ring "Qepamiv" {rElec rF+ Will+ Str+3 Stlth+}
MPRegen 0.18/turn               F - ring of magical power

@: unable to read
A: reduced essence, large, unfitting armour, claws 3, regeneration 1, shaggy fur
1, tough skin 1, clumsy 1, deterioration 1, weak 1, inability to read while
threatened
a: Renounce Religion, Recall Ancestor, Ancestor Identity, Transference, Idealise


You were on level 4 of the Lair of Beasts.
You worshipped Hepliaklqana.
Hepliaklqana was extremely pleased with you.
You visited 4 branches of the dungeon, and saw 17 of its levels.
You also visited: Bailey.

You collected 1192 gold pieces.

Inventory:

Hand Weapons
 z - a +8 spectral club (weapon)
 C - a +0 arbalest
 D - the +6 rapier "Orb Guardian's Curse" {distort, Str+3 Dex+2}
   (You found it on level 4 of the Dungeon)

   It warps and distorts space around it, and may blink, banish, or inflict
   extra damage upon those it strikes.
   Unwielding it can cause banishment or high damage.
   Str:       It affects your strength (+3).
   Dex:       It affects your dexterity (+2).
 E - the +5 flail "Xezem" {freeze, Str+3}
   (You found it on level 5 of the Dungeon)

   It freezes those it strikes, dealing additional cold damage.
   It can also slow down cold-blooded creatures.
   Str:       It affects your strength (+3).
 H - a +3 shortbow of flaming
 X - a +3 morningstar
Missiles
 d - 90 arrows
 f - 302 stones (quivered)
 h - 55 sling bullets
 m - 17 poisoned darts
 r - 14 boomerangs
 A - 37 bolts
 T - 2 throwing nets
 U - 2 atropa-tipped darts
Armour
 g - the +10 tower shield of Ignorance (worn) {rN+ Int-4}
   (You acquired it on level 5 of the Lair of Beasts)

   Int:       It affects your intelligence (-4).
   rN:        It protects you from negative energy.
 o - the +2 cloak of the Planets (worn) {*Corrode Dex+5}
   (You acquired it on level 6 of the Lair of Beasts)

   Dex:       It affects your dexterity (+5).
   *Corrode:  It may corrode you when you take damage.
 q - a +0 hat (worn)
 s - an orb of light
 J - +0 steam dragon scales
 O - +1 acid dragon scales (worn)
 Q - a scarf of shadows
Jewellery
 a - a ring of ice
 e - an amulet of guardian spirit
 l - the ring "Qepamiv" (left claw) {rElec rF+ Will+ Str+3 Stlth+}
   (You found it on level 2 of the Dungeon)

   [ring of willpower]

   Str:       It affects your strength (+3).
   rF:        It protects you from fire.
   rElec:     It insulates you from electricity.
   Will:      It increases your willpower.
   Stlth:     It makes you more stealthy.
 B - an amulet of faith
 F - a ring of magical power (right claw)
 M - a ring of fire
 W - the amulet of Usezaori (around neck) {Reflect SH+5 SInv}
   (You found it on level 3 of the Lair of Beasts)

   [amulet of reflection]

   It reflects blocked missile attacks.
   SInv:      It lets you see invisible.
   SH:        It affects your SH (+5).
 Y - a ring of see invisible
 Z - a ring of positive energy
Wands
 b - a wand of iceblast (9)
 j - a wand of acid (7)
 x - a wand of charming (9)
 y - a wand of flame (32)
 I - a wand of paralysis (17)
Scrolls
 c - 2 scrolls of fog
 k - a scroll of brand weapon
 p - a scroll of blinking
 u - a scroll of holy word
 v - 4 scrolls of magic mapping
 N - 4 scrolls of teleportation
 R - 2 scrolls of fear
Potions
 i - a potion of brilliance
 n - a potion of might
 t - 3 potions of invisibility
 w - a potion of cancellation
 G - a potion of experience
 K - 2 potions of haste
 L - 4 potions of curing
 P - a potion of ambrosia
 S - a potion of heal wounds
Miscellaneous
 V - a box of beasts


   Skills:
 + Level 9.9 Fighting
 + Level 13.7 Maces & Flails
 + Level 1.1 Bows
 + Level 0.2 Throwing
 + Level 7.2 Armour
 + Level 9.7 Dodging
 + Level 6.2 Stealth
 + Level 6.2 Shields


You had 13 spell levels left.
You didn't know any spells.
Your spell library contained the following spells:

 Spells                   Type           Power      Damage    Failure   Level
 Animate Skeleton         Necr           0%         N/A       99%         1
 Apportation              Tloc           0%         N/A       99%         1
 Beastly Appendage        Tmut           0%         N/A       99%         1
 Magic Dart               Conj           0%         1d3       99%         1
 Sting                    Tmut/Pois      0%         1d3       99%         1
 Summon Small Mammal      Summ           0%         N/A       99%         1
 Call Imp                 Summ           0%         N/A       100%        2
 Ensorcelled Hibernation  Hex/Ice        0%         N/A       100%        2
 Passwall                 Tmut/Erth      0%         N/A       100%        2
 Poisonous Vapours        Pois/Air       0%         N/A       100%        2
 Mephitic Cloud           Conj/Pois/Air  0%         N/A       100%        3
 Spider Form              Tmut/Pois      0%         N/A       100%        3
 Swiftness                Air            0%         N/A       100%        3
 Anguish                  Hex/Necr       0%         N/A       100%        4
 Animate Armour           Summ/Erth      0%         N/A       100%        4
 Olgreb's Toxic Radiance  Pois           0%         N/A       100%        4
 Alistair's Intoxication  Tmut/Pois      0%         N/A       100%        5
 Blade Hands              Tmut           0%         N/A       100%        5
 Borgnjor's Vile Clutch   Necr/Erth      0%         N/A       100%        5
 Irradiate                Conj/Tmut      0%         3d14      100%        5
 Eringya's Noxious Bog    Tmut/Pois      0%         N/A       100%        6
 Iron Shot                Conj/Erth      0%         9d1       100%        6
 Lehudib's Crystal Spear  Conj/Erth      0%         10d2      100%        8


Dungeon Overview and Level Annotations

Branches:
Dungeon (8/15)             Temple (1/1) D:7            Lair (6/6) D:8
 Shoals (0/4) Lair:3        Snake (0/4) Lair:3        Slime (2/5) Lair:5
 Bailey (visited)

Altars:
Ashenzari
Cheibriados
Dithmenos
Elyvilon
Fedhas
Gozag
Hepliaklqana
Kikubaaqudgha
Makhleb
Nemelex Xobeh
Okawaru
Qazlal
Ru
Sif Muna
Trog
Uskayaw
Vehumet
Wu Jian
Xom
Yredelemnul
The Shining One
Jiyva

Shops:
D:5 !


Innate Abilities, Weirdness & Mutations

Your life essence is reduced to manifest your ancestor. (-10% HP)
You are too large for most types of armour.
You have claws for hands.
Your natural rate of healing is unusually fast.
You are covered in fur. (AC +1)
You have tough skin. (AC +1)
You are clumsy. (Dex -2)
Your body sometimes deteriorates upon taking damage.
You are weak. (Str -2)
You sometimes lose the ability to read scrolls when taking damage.


Message History

Yadidatum gestures at the rockslime while chanting.
The puff of frost hits the rockslime but does no damage.
The rockslime hits Yadidatum!
Yadidatum is shoved backwards!
Yadidatum points at the rockslime and mumbles some strange words.
The puff of frost hits the rockslime but does no damage.
There is a stone staircase leading down here.
Yadidatum hits the large slime creature with a +0 quarterstaff!!
You block the slime creature's attack. You block the acid blob's attack.
Two slime creatures merge to form a very large slime creature.
The acid blob closely misses you.
You block the large slime creature's attack.
There is a staircase back to the Lair here.
You block the rockslime's attack.
Yadidatum hits the large slime creature with a +0 quarterstaff!!
You block the acid blob's attack.
A very large slime creature splits.
You block the large slime creature's attack.
You block the rockslime's attack.
You climb upwards.
Welcome back to the Lair of Beasts!
There is a staircase to the Slime Pits here.
The large slime creature hits you. You block the acid blob's attack.
You block the acid blob's attack.
Two slime creatures merge to form an enormous slime creature.
The rockslime jiggles.
Two slime creatures merge to form a titanic slime creature.
There is a stone staircase leading up here.
You block the rockslime's attack. The rockslime hits you!!
You feel threatened and lose the ability to read scrolls!
* * * LOW HITPOINT WARNING * * *
You stumble backwards!
You stop ascending the stairs.
There is a stone staircase leading up, spattered with blood here.
You block the rockslime's attack. The rockslime closely misses you.
You climb upwards.
There is a stone staircase leading down, spattered with blood here.
You block the rockslime's attack. The rockslime hits you!!!
* * * LOW HITPOINT WARNING * * *
You stumble backwards!
You block the rockslime's attack. The rockslime hits you!!
You die...

#.............
##..##..##.....
#P.###...##....
#..# #...#.....
###.###.....#...
###...............
#.........#.......
#J##.#P#.....#P...
#@######....#.....
#.### ##..###..>.
##...######.###....
#..##.#.###..##....
##.#...............
#....P#######.##..
####...### ######
#.##.#.# ##.....##
#


You could see a rockslime.

Vanquished Creatures
  An azure jelly (Slime:1)
  4 hydras
  11 death yaks
  2 shining eyes (Slime:1)
  7 elephants
  6 cane toads
  3 black mambas
  A gargoyle (D:7)
  2 torpor snails
  3 komodo dragons
  4 polar bears
  Prince Ribbit (D:5)
  A slime creature (Slime:1)
  15 blink frogs
  A snapping turtle (Lair:3)
  2 spriggans (Lair:5)
  61 yaks
  3 wyverns
  2 golden eyes (Slime:1)
  3 basilisks
  Eustachio (D:3)
  2 steam dragons
  A naga (Lair:3)
  8 water moccasins
  An ice beast (D:6)
  A hornet zombie (D:6)
  3 black bears
  2 necrophages
  An ogre (D:6)
  5 orc warriors (Bailey)
  A centaur (D:5)
  4 phantoms
  3 wolves
  A kobold brigand (D:8)
  Blork the orc (D:3)
  7 bullfrogs
  2 scorpions
  A water moccasin skeleton (D:5)
  A wight (D:8)
  An electric eel (Lair:3)
  2 howler monkeys (D:6)
  A centaur zombie (D:5)
  A bullfrog zombie (D:6)
  A jelly (D:4)
  2 orc priests (D:5)
  3 hounds
  Natasha (twice) (D:4)
  2 iguanas
  An orc wizard (D:5)
  Ijyb (D:5)
  A howler monkey zombie (D:6)
  10 gnolls
  4 adders
  A shadow imp (D:5)
  2 ufetubi
  A worm (D:2)
  2 dart slugs
  17 orcs
  9 bats
  2 endoplasms
  A giant cockroach (D:3)
  10 goblins
  6 hobgoblins
  7 jackals (D:3)
  8 kobolds
  3 quokkas
  5 ball pythons
  6 frilled lizards
  5 rats
296 creatures vanquished.

Vanquished Creatures (collateral kills)
  An azure jelly (Slime:1)
  2 hydras
  3 catoblepae (Lair:6)
  2 death yaks
  A lindwurm (Lair:4)
  An orc sorcerer (Bailey)
  An oklob plant (Lair:5)
  2 manticores (Lair:6)
  5 black mambas
  2 elephants (Lair:4)
  Maggie (D:7)
  3 cane toads
  A kobold demonologist (Bailey)
  2 komodo dragons
  2 rime drakes
  3 polar bears
  2 slime creatures (Slime:1)
  20 blink frogs
  35 yaks
  A golden eye (Slime:1)
  A wyvern (Lair:1)
  3 basilisks
  2 nagas (Lair:3)
  7 water moccasins
  6 orc warriors (Bailey)
  3 wolves
  2 wights (D:8)
  4 electric eels (Bailey)
  A howler monkey (D:8)
  A gnoll (D:8)
  6 orcs
  3 goblins (Bailey)
  A hobgoblin (Bailey)
  A kobold (D:8)
  A bush (Lair:1)
  A butterfly (D:7)
133 creatures vanquished.

Vanquished Creatures (others)
  18 battlemagi
  31 fungi
  49 plants
98 creatures vanquished.

Grand Total: 527 creatures vanquished

Notes
Turn   | Place    | Note
-------+----------+-------------------------------------------
     0 | D:1      | issech the Troll Monk began the quest for the Orb.
     0 | D:1      | Reached XP level 1. HP: 22/22 MP: 0/0
   164 | D:1      | Found a faded altar of an unknown god.
   275 | D:1      | Reached skill level 3 in Maces & Flails
   275 | D:1      | Reached XP level 2. HP: 29/29 MP: 1/1
   845 | D:2      | Reached XP level 3. HP: 35/36 MP: 2/2
   988 | D:2      | Reached XP level 4. HP: 31/44 MP: 0/3
  1028 | D:2      | Identified the ring "Qepamiv" {rElec rF+ Will+ Str+3
                  | Stlth+}
  1376 | D:3      | Reached skill level 4 in Maces & Flails
  1452 | D:3      | Reached XP level 5. HP: 41/52 MP: 4/4
  1830 | D:3      | Found a broken altar of Ashenzari.
  1906 | D:3      | Found a sacrificial altar of Ru.
  1907 | D:3      | Found a bloodstained altar of Trog.
  1907 | D:3      | Found a sparkling altar of Nemelex Xobeh.
  1908 | D:3      | Found a shimmering blue altar of Sif Muna.
  2284 | D:3      | Found a white marble altar of Elyvilon.
  2370 | D:3      | Noticed a phantom
  2600 | D:4      | Noticed Eustachio
  2725 | D:3      | Killed Eustachio
  2726 | D:3      | Reached skill level 5 in Maces & Flails
  2726 | D:3      | Reached XP level 6. HP: 27/61 MP: 1/5
  2827 | D:4      | Found a burning altar of Makhleb.
  3229 | D:4      | Noticed Natasha
  3237 | D:4      | Killed Natasha
  3278 | D:4      | Noticed Blork the orc
  3355 | D:3      | Killed Blork the orc
  3421 | D:5      | Entered Level 5 of the Dungeon
  3470 | D:5      | Found Waekh's Distillery.
  3477 | D:5      | Reached XP level 7. HP: 67/67 MP: 6/6
  3481 | D:5      | Noticed Ijyb
  3492 | D:5      | Killed Ijyb
  3669 | D:5      | Noticed a yak
  3671 | D:5      | Noticed a yak
  3671 | D:5      | Noticed Prince Ribbit
  3679 | D:5      | Noticed a yak
  3714 | D:4      | Killed a yak
  3715 | D:4      | Reached skill level 6 in Maces & Flails
  3715 | D:4      | Identified the +6 rapier "Orb Guardian's Curse" {distort,
                  | Str+3 Dex+2}
  3781 | D:4      | Killed a yak
  3782 | D:4      | Noticed Natasha
  3786 | D:4      | Killed Natasha
  3845 | D:5      | Killed a yak
  3846 | D:5      | Reached XP level 8. HP: 38/78 MP: 4/7
  3859 | D:5      | Killed Prince Ribbit
  3860 | D:5      | Reached skill level 7 in Maces & Flails
  4128 | D:5      | Found a hide-covered altar of Uskayaw.
  4135 | D:5      | Identified the +5 flail "Xezem" {freeze, Str+3}
  4515 | D:5      | Reached skill level 8 in Maces & Flails
  4515 | D:5      | Reached skill level 5 in Dodging
  4555 | D:5      | Reached skill level 5 in Fighting
  4555 | D:5      | Reached XP level 9. HP: 41/88 MP: 3/8
  4792 | D:6      | Reached skill level 9 in Maces & Flails
  5408 | D:6      | Gained mutation: You sometimes lose the ability to read
                  | scrolls when taking damage. [potion of mutation]
  5427 | D:7      | Found a hazy altar of Hepliaklqana.
  5454 | D:7      | Became a worshipper of Hepliaklqana the Forgotten
  5454 | D:7      | Reached * piety under Hepliaklqana
  5454 | D:7      | Reached ** piety under Hepliaklqana
  5455 | D:7      | Remembered your ancestor Yadidatum as a battlemage
  5555 | D:7      | Noticed a gargoyle
  5563 | D:7      | Killed a gargoyle
  5595 | D:7      | Found a staircase to the Ecumenical Temple.
  5622 | Temple   | Entered the Ecumenical Temple
  5884 | D:7      | Noticed Maggie
  5894 | D:7      | Killed Maggie
  6296 | D:7      | Reached XP level 10. HP: 87/88 MP: 9/9
  6568 | D:8      | Found a flagged portal.
  6587 | Bailey   | Entered a bailey
  6902 | Bailey   | Reached skill level 10 in Maces & Flails
  6902 | Bailey   | Reached skill level 1 in Armour
  6938 | Bailey   | Found an iron altar of Okawaru.
  6938 | Bailey   | Noticed an orc sorcerer
  7051 | Bailey   | Killed an orc sorcerer
  7531 | D:8      | Found a staircase to the Lair.
  7531 | D:8      | Noticed an elephant
  7550 | D:8      | Killed an elephant
  8000 | D:8      | Reached XP level 11. HP: 94/96 MP: 10/10
  8248 | Lair:1   | Entered Level 1 of the Lair of Beasts
  8278 | Lair:1   | Noticed a seven-headed hydra
  8405 | D:8      | Killed a seven-headed hydra
  8451 | Lair:1   | Reached *** piety under Hepliaklqana
  8677 | Lair:1   | Noticed a six-headed hydra
  8704 | Lair:1   | Killed a six-headed hydra
  8863 | Lair:1   | Reached skill level 11 in Maces & Flails
  9856 | Lair:2   | Noticed a six-headed hydra
  9884 | Lair:2   | Killed a six-headed hydra
  9885 | Lair:2   | Reached skill level 5 in Armour
 10023 | Lair:2   | Noticed an eight-headed hydra
 10181 | Lair:2   | Killed an eight-headed hydra
 10356 | Lair:2   | Noticed a five-headed hydra
 10395 | Lair:2   | Killed a five-headed hydra
 10396 | Lair:2   | Reached XP level 12. HP: 58/107 MP: 10/11
 11440 | Lair:3   | Reached skill level 12 in Maces & Flails
 11465 | Lair:3   | Reached skill level 5 in Stealth
 11511 | Lair:3   | Reached **** piety under Hepliaklqana
 11640 | Lair:3   | Found a staircase to the Snake Pit.
 12021 | Lair:3   | Identified the amulet of Usezaori {Reflect SH+5 SInv}
 12300 | Lair:3   | Found a staircase to the Shoals.
 12801 | Lair:4   | Reached XP level 13. HP: 115/115 MP: 12/12
 13557 | Lair:5   | Found a viscous altar of Jiyva.
 13557 | Lair:5   | Found a staircase to the Slime Pits.
 13658 | Lair:5   | Reached skill level 13 in Maces & Flails
 13815 | Lair:5   | Reached skill level 1 in Shields
 13893 | Lair:5   | Acquired the +10 tower shield of Ignorance {rN+ Int-4}
 13893 | Lair:5   | Found the +10 tower shield of Ignorance {rN+ Int-4}
 14015 | Lair:5   | Reached ***** piety under Hepliaklqana
 15350 | Lair:6   | Entered Level 6 of the Lair of Beasts
 15526 | Lair:6   | Reached skill level 1 in Bows
 15851 | Lair:6   | Reached XP level 14. HP: 126/126 MP: 13/13
 16266 | Lair:6   | Acquired the +2 cloak of the Planets {*Corrode Dex+5}
 16782 | Lair:6   | Reached skill level 5 in Shields
 17280 | Lair:6   | Got the Reference Book on Dusty Transmutation
 17799 | Lair:5   | You fall into a shaft and drop 1 floor!
 17855 | Slime:1  | Entered Level 1 of the Pits of Slime
 17855 | Slime:1  | Noticed an azure jelly
 17855 | Slime:1  | Noticed an azure jelly
 17865 | Slime:1  | Killed an azure jelly
 17866 | Slime:1  | Gained mutation: Your body sometimes deteriorates upon
                  | taking damage. [a shining eye]
 17874 | Slime:1  | Gained mutation: You are clumsy. (Dex -2) [a shining eye]
 17883 | Slime:1  | Killed an azure jelly
 18128 | Slime:1  | Gained mutation: You are weak. (Str -2) [a shining eye]
 18213 | Slime:1  | Noticed a rockslime
 18230 | Slime:1  | Noticed an acid blob
 18246 | Slime:2  | Noticed a quicksilver ooze
 18301 | Lair:4   | Slain by a rockslime

Illustrated notes

Levels and vault maps discovered:
D:1:      minmay_arrival_hallway, layout_basic,
          dreamdust_ecumenical_altar_angels_and_demons
D:2:      layout_rooms
D:3:      layout_basic, mainiacjoe_overflow_six_doors_small,
          chequers_temple_overflow_statue_of_worship,
          nicolae_elyvilon_temple_path, lightli_corner_chamber
D:4:      layout_gridville, kennysheep_mini, uniq_natasha, uniq_eustachio,
          uniq_blork_the_orc
D:5:      layout_cave_pools, lemuel_round_altar, serial_shops,
          nicolae_diamond_shop, serial_rivers, chequers_serial_rivers_room_b,
          chequers_serial_rivers_micro_e, chequers_serial_rivers_room_b,
          chequers_serial_rivers_micro_e, chequers_serial_rivers_small_3,
          chequers_serial_rivers_small_3, uniq_prince_ribbit1, uniq_ijyb
D:6:      layout_loops_ring
D:7:      layout_loops_ring, mainiacjoe_overflow_cross_hatched,
          minmay_temple_entry_butterflies, serial_glass, glass_columns_c,
          glass_columns_b, glass_columns_b, due_unseen_surprise,
          item_on_display_a, feat_on_display, uniq_maggie
D:8:      layout_loops_ring, david_lair_generic, enter_bailey_2,
          grunt_ministairs_13
Temple:   minmay_temple_bridge_abc
Lair:1:   layout_layer_cave
Lair:2:   layout_roguey, serial_bayou_lagoon_a, chequers_serial_rivers_micro_c
Lair:3:   layout_cave_shapes, minmay_shoals_entry_hut,
          minmay_snake_entry_guardpost_small, infiniplex_staircase_pool_2,
          grunt_megastairs_2
Lair:4:   layout_loops_ring, lemuel_fruit_tree
Lair:5:   hellmonk_warped_wall, layout_small_grid, slime_altar_1,
          forest_entry_grove
Lair:6:   evilmike_catoblepas_cave, layout_hall_layers, lemuel_fruit_fields
Slime:1:  layout_caves, nicolae_slime_barrier
Slime:2:  layout_caves

Skill      XL: |  1  2  3  4  5  6  7  8  9 10 11 12 13 14 |
---------------+-------------------------------------------+-----
Maces & Flails | 3 4 5 6 8 9 10 11 12 13 | 13.7
Dodging        | 3 4 5 6 7 8 9 |  9.7
Fighting       | 3 4 5 6 7 8 9 |  9.9
Stealth        | 2 3 4 5 6 |  6.2
Armour         | 3 5 6 7 |  7.2
Shields        | 4 6 |  6.2
Bows           | 1 |  1.1
Throwing       | |  0.2

Action                   |  1- 3 |  4- 6 |  7- 9 | 10-12 | 13-15 || total
-------------------------+-------+-------+-------+-------+-------++-------
Melee: Mace              |   119 |   155 |     8 |       |       ||   282
       Punch             |       |     2 |       |       |       ||     2
       Club              |       |       |   180 |   545 |   444 ||  1169
 Fire: Shortbow          |       |       |       |       |     5 ||     5
Throw: Stone             |       |       |       |     4 |     4 ||     8
Invok: Ancestor Life: Ba |       |       |     1 |       |       ||     1
  Use: Scroll            |       |       |     9 |     4 |    12 ||    25
       Potion            |       |       |     1 |     9 |       ||    10
 Stab: Sleeping          |       |     4 |       |     2 |     2 ||     8
       Distracted        |       |       |     4 |    20 |    12 ||    36
Armor: Robe              |    74 |    49 |    28 |       |       ||   151
       Acid dragon scale |       |       |       |   115 |    72 ||   187
       Steam dragon scal |       |       |       |     2 |       ||     2
       Skin              |       |       |       |     1 |       ||     1
Dodge: Dodged            |    91 |   113 |    91 |   218 |   112 ||   625
Block: Orb               |       |       |       |     3 |    23 ||    26
       Tower shield      |       |       |       |       |   337 ||   337
       Other             |       |       |       |       |     3 ||     3
       Reflection        |       |       |       |       |     4 ||     4

Table legend: (Time is in decaauts)
 A = Elapsed time spent in this place.
 B = Non-inter-level travel time spent in this place.
 C = Inter-level travel time spent in this place.
 D = Time resting spent in this place.
 E = Time spent auto-exploring this place.
 F = Levels seen in this place.
 G = Mean time per level.
                   A        B        C        D        E       F      G
               +--------+--------+--------+--------+--------+-----+--------+
         Total |  18244 |  17812 |    432 |   1806 |   6741 |  18 | 1013.6 |
       Dungeon |   7317 |   7001 |    316 |    211 |   3321 |   8 |  914.6 |
        Temple |    224 |    208 |     16 |      0 |    188 |   1 |  224.0 |
          Lair |   9410 |   9310 |    100 |   1372 |   3031 |   6 | 1568.3 |
    Slime Pits |    401 |    401 |      0 |     81 |     38 |   2 |  200.5 |
        Bailey |    889 |    889 |      0 |    142 |    161 |   1 |  889.0 |
               +--------+--------+--------+--------+--------+-----+--------+

Top non-repeatable levels by time:
  Lair:5: 2276 daAuts
  Lair:6: 1868 daAuts
  Lair:2: 1612 daAuts
     D:3: 1542 daAuts
  Lair:4: 1250 daAuts
  Lair:1: 1234 daAuts
  Lair:3: 1169 daAuts
     D:5: 1106 daAuts
     D:8: 992 daAuts
  Bailey: 889 daAuts
     D:7: 845 daAuts
     D:6: 808 daAuts
     D:1: 765 daAuts
     D:4: 697 daAuts
     D:2: 559 daAuts
